 Dungeon Crawl Stone Soup version 0.30-b1-2-g02819fbbbe (webtiles) character file.

Game seed: 14441867947931872981

28564 Anon1729 the Fighter (level 13, -9/123 HPs)
             Began as a Minotaur Monk on Aug 23, 2023.
             Was a Believer of Uskayaw.
             Killed from afar by a molten gargoyle (30 damage)
             ... with a bolt of magma
             ... on level 3 of the Lair of Beasts.
             The game lasted 00:13:17 (15949 turns).

Anon1729 the Fighter (Minotaur Monk)               Turns: 15949, Time: 00:13:17

Health: -9/123     AC: 20    Str: 13    XL:     13   Next: 10%
Magic:  9/18       EV: 11    Int:  7    God:    Uskayaw [**....]
Gold:   911        SH:  7    Dex: 19    Spells: 12/12 levels left

rFire   x . .        B - +2 short sword (vamp)
rCold   + . .        V - +2 buckler
rNeg    . . .        U - +6 chain mail of Witeit {Rampage rF- Str-2 SInv}
rPois   +            C - +2 hat
rElec   .            S - +0 cloak
rCorr   .            (no gloves)
SInv    +            D - +2 pair of boots {Fly}
Will    .....        (no amulet)
Stlth   +            g - ring of protection from cold
HPRegen 0.40/turn    z - ring of Wuuseriu {Fly rPois}
MPRegen 0.16/turn

%: rampage
@: flying
A: horns 2, retaliatory headbutt
a: Renounce Religion, Stomp, Line Pass


You were on level 3 of the Lair of Beasts.
You worshipped Uskayaw.
Uskayaw was aware of your devotion.
You visited 3 branches of the dungeon, and saw 16 of its levels.
You also visited: Bailey.

You collected 1023 gold pieces.
You spent 112 gold pieces at shops.

Inventory:

Hand Weapons
 h - a +1 dagger of speed
 B - a +2 vampiric short sword (weapon)
 T - the +4 falchion of Brutal Revenge {holy, Dex+2}
   (You found it on level 9 of the Dungeon)

   Dex:       It affects your dexterity (+2).
Armour
 d - an orb of light
 C - a +2 hat (worn)
 D - a +2 pair of boots of flying (worn)
 E - a +1 leather armour of fire resistance
 Q - a +3 leather armour
 S - a +0 cloak (worn)
 U - the +6 chain mail of Witeit (worn) {Rampage rF- Str-2 SInv}
   (You found it on level 1 of the Lair of Beasts)

   Str:       It affects your strength (-2).
   rF:        It makes you vulnerable to fire.
   SInv:      It lets you see invisible.
   Rampage:   It bestows one free step when moving towards enemies.
 V - a +2 buckler (worn)
 W - a scarf of invisibility
 X - a +0 kite shield
Jewellery
 g - a ring of protection from cold (left hand)
 k - a ring of magical power
 y - a ring of protection from cold
 z - the ring of Wuuseriu (right hand) {Fly rPois}
   (You found it on level 6 of the Dungeon)

   [ring of flight]

   rPois:     It protects you from poison.
   Fly:       It grants you flight.
 M - a ring of flight
Wands
 b - a wand of light (11)
 r - a wand of polymorph (5)
 w - a wand of flame (49)
 A - a wand of roots (6)
 F - a wand of digging (3)
 G - a wand of paralysis (11)
Scrolls
 a - a scroll of poison
 c - 3 scrolls of amnesia
 e - 3 scrolls of brand weapon
 f - 4 scrolls of immolation
 i - 3 scrolls of fog
 m - 3 scrolls of blinking
 n - 4 scrolls of teleportation
 o - 4 scrolls of enchant armour
 s - 2 scrolls of enchant weapon
 x - a scroll of identify
 H - 2 scrolls of vulnerability {unknown}
 K - 2 scrolls of magic mapping
 N - a scroll of torment {unknown}
 O - a scroll of fear {unknown}
Potions
 j - 5 potions of curing
 l - 2 potions of ambrosia
 p - 4 potions of lignification
 q - 4 potions of might
 t - 5 potions of haste
 u - 3 potions of flight
 v - a potion of invisibility {unknown}
 I - a potion of attraction
 J - 4 potions of mutation {unknown}
 L - a potion of brilliance {unknown}
 P - 2 potions of cancellation {unknown}
 R - a potion of resistance {unknown}


   Skills:
 + Level 13.9 Fighting
 + Level 12.8 Short Blades
 + Level 12.8 Dodging
 + Level 5.4 Stealth
 + Level 2.7 Shields
 * Level 9.0 Invocations


You had 12 spell levels left.
You didn't know any spells.
Your spell library contained the following spells:

 Spells                   Type           Power      Damage    Failure   Level
 Kiss of Death            Conj/Necr      0%         2d5       100%        1
 Slow                     Hex            0%         N/A       100%        1
 Blink                    Tloc           0%         N/A       100%        2
 Ensorcelled Hibernation  Hex/Ice        0%         N/A       100%        2
 Searing Ray              Conj           0%         2d4       100%        2
 Static Discharge         Conj/Air       0%         2-2/arc   100%        2
 Sublimation of Blood     Necr           0%         N/A       100%        2
 Wereblood                Tmut           0%         N/A       100%        2
 Confusing Touch          Hex            0%         N/A       100%        3
 Spider Form              Tmut/Pois      0%         N/A       100%        3
 Vampiric Draining        Necr           0%         2d6       100%        3
 Anguish                  Hex/Necr       0%         N/A       100%        4
 Dispel Undead            Necr           0%         3d6       100%        4
 Ice Form                 Ice/Tmut       0%         N/A       100%        4
 Manifold Assault         Tloc           0%         N/A       100%        4
 Summon Ice Beast         Ice/Summ       0%         N/A       100%        4
 Fireball                 Conj/Fire      0%         3d3       100%        5
 Freezing Cloud           Conj/Ice/Air   0%         6-21      100%        5
 Starburst                Conj/Fire      0%         6d3       100%        6
 Storm Form               Tmut/Air       0%         N/A       100%        7
 Summon Hydra             Summ           0%         N/A       100%        7


Dungeon Overview and Level Annotations

Branches:
Dungeon (12/15)            Temple (1/1) D:4            Lair (3/5) D:10
    Orc (0/2) D:11         Bailey (visited)
  Swamp: Lair:2-3    Shoals: Lair:2-3     Snake: Lair:2-3    Spider: Lair:2-3

Altars:
Ashenzari
Cheibriados
Dithmenos
Elyvilon
Fedhas
Gozag
Hepliaklqana
Kikubaaqudgha
Makhleb
Nemelex Xobeh
Okawaru
Qazlal
Ru
Sif Muna
Trog
Uskayaw
Vehumet
Wu Jian
Xom
Yredelemnul
Zin
The Shining One
Lugonu

Shops:
D:1 [   D:4 (!

Portals:
Trove: D:11 (give 4 potions of resistance)

Annotations:
D:8 1 runed translucent door, diceflayer's ghost, novice MiFi
D:12 2 transporters


Innate Abilities, Weirdness & Mutations

You have a pair of horns on your head.
You reflexively headbutt those who attack you in melee.


Message History

You hit the komodo dragon but do no damage.
The komodo dragon is severely wounded.
The komodo dragon bites you!
* * * LOW HITPOINT WARNING * * *
Aiming: Line Pass
Press: ? - help, Dir - move target The komodo dragon appears confused.
The molten gargoyle appears confused.
You can no longer pass through a line of other dancers.
The komodo dragon bites the molten gargoyle!
Aiming: Fastroot
Press: ? - help, Shift-Dir - straight line, f - molten gargoyle
Aim: a molten gargoyle, wielding a +0 morningstar (moderately damaged, confused)
The roots erupt in riotous growth!
Roots grab the molten gargoyle.
Roots grab the komodo dragon.
The grasping roots constrict the komodo dragon!
The grasping roots constrict the molten gargoyle, but do no damage.
You hear an angry hiss.
The komodo dragon struggles to escape constriction.
The molten gargoyle struggles to escape constriction.
Aiming: Bolt of Light
Press: ? - help, Shift-Dir - straight line, f/p - molten gargoyle
Aim: a molten gargoyle, wielding a +0 morningstar (moderately damaged, confused, constricted by roots, 100% to hit)
The bolt of light hits the molten gargoyle.
The molten gargoyle is heavily damaged.
The molten gargoyle is blinded.
The grasping roots constrict the komodo dragon.
You kill the komodo dragon!
The grasping roots constrict the molten gargoyle, but do no damage.
The molten gargoyle seems less confused.
The roots release their grip on the molten gargoyle.
Your Invocations skill increases to level 9!
You hit the molten gargoyle.
The molten gargoyle is heavily damaged.
You can now pass through a line of other dancers.
You completely miss the molten gargoyle.
You headbutt the molten gargoyle, but do no damage.
The molten gargoyle is heavily damaged.
The molten gargoyle blasts magma at you!
The bolt of magma hits you!! The lava burns you terribly!
You die...

#### .#.### ###########.
...#.########......§....
...........##......§§§≈
...................§§#
...#...............§###≈
.......#...P.......≈≈≈≈≈
........#.#.P.......(...
..............†9@.......
.............>..........
............#~#.........
...........#~~~.........
...........~~~~#........
...........~~~~P........
#......^....~~~~........
..........PP~...........
#.............../..


You could see a molten gargoyle (blind).

Vanquished Creatures
  2 vault guards (Bailey)
  3 two-headed ogres
  3 boulder beetles
  A lindwurm (Lair:3)
  An ugly thing (D:12)
  2 manticores (D:11)
  3 cyclopes
  6 elephants
  A guardian serpent (shapeshifter) (D:12)
  A black mamba (Lair:3)
  5 cane toads
  An unseen horror (D:11)
  3 rime drakes
  A kobold demonologist (D:9)
  2 komodo dragons (Lair:3)
  3 trolls
  Prince Ribbit (Bailey)
  13 blink frogs (Lair:1)
  Grinder (D:5)
  A vampire (D:10)
  5 humans (Bailey)
  3 wyverns
  28 yaks
  2 basilisks
  2 steam dragons
  4 water moccasins
  3 acid dragons
  2 orc warriors
  5 black bears
  An ogre (D:5)
  3 wolves (Lair:2)
  2 phantoms
  10 centaurs
  2 kobold brigands (D:9)
  23 bullfrogs
  2 scorpions
  9 wights
  4 killer bees (D:8)
  An electric eel (Lair:1)
  7 howler monkeys
  4 crimson imps (D:7)
  3 jellies
  A hound (D:4)
  Crazy Yiuf (D:7)
  4 orc priests
  Terence (D:2)
  A sleepcap (D:8)
  A gnoll bouda (D:8)
  4 orc wizards
  11 adders
  5 gnolls (D:8)
  A white imp (D:7)
  A worm (D:2)
  25 orcs
  4 ball pythons
  9 endoplasms
  2 giant cockroaches (D:1)
  15 goblins
  3 hobgoblins
  8 jackals
  11 kobolds
  5 quokkas
  4 bats
  8 rats
304 creatures vanquished.

Vanquished Creatures (others)
  7 fungi
  12 plants
19 creatures vanquished.

Grand Total: 323 creatures vanquished

Notes
Turn   | Place    | Note
-------+----------+-------------------------------------------
     0 | D:1      | Anon1729 the Minotaur Monk began the quest for the Orb.
     0 | D:1      | Reached XP level 1. HP: 19/19 MP: 0/0
   273 | D:1      | Reached XP level 2. HP: 26/27 MP: 1/1
   656 | D:1      | Found Butizug's Armour Shoppe.
   736 | D:1      | Reached skill level 4 in Fighting
   914 | D:2      | Noticed Terence
   920 | D:2      | Reached XP level 3. HP: 11/33 MP: 2/2
   930 | D:2      | Killed Terence
  1127 | D:2      | Reached XP level 4. HP: 37/41 MP: 3/3
  2292 | D:3      | Identified the +5 spear of Hevaloafy {freeze, rC+ Stlth+}
  2657 | D:4      | Found Ongadouf's Antique Weapon Boutique.
  2693 | D:4      | Found a staircase to the Ecumenical Temple.
  2726 | D:4      | Reached skill level 5 in Fighting
  2726 | D:4      | Reached XP level 5. HP: 21/48 MP: 4/4
  2737 | Temple   | Entered the Ecumenical Temple
  2913 | Temple   | Became a worshipper of Uskayaw the Reveller
  2913 | Temple   | Reached * piety under Uskayaw
  3013 | D:4      | Reached ** piety under Uskayaw
  3102 | D:4      | Reached skill level 5 in Short Blades
  3151 | D:4      | Reached skill level 5 in Dodging
  3226 | D:4      | Reached XP level 6. HP: 52/56 MP: 5/5
  3481 | D:4      | Found Selyr's Distillery.
  3484 | D:4      | Bought a potion of heal wounds for 70 gold pieces
  3484 | D:4      | Bought a potion of flight for 42 gold pieces
  3496 | D:5      | Entered Level 5 of the Dungeon
  3594 | D:5      | Reached *** piety under Uskayaw
  3600 | D:5      | Reached **** piety under Uskayaw
  3604 | D:5      | Reached ***** piety under Uskayaw
  3606 | D:5      | Noticed Grinder
  3610 | D:5      | Paralysed by Grinder for 5 turns
  3614 | D:5      | HP: 1/57 [Grinder (4)]
  3768 | D:5      | Paralysed by Grinder for 4 turns
  3782 | D:5      | Killed Grinder
  3783 | D:5      | Reached skill level 6 in Fighting
  3783 | D:5      | Reached XP level 7. HP: 43/64 MP: 6/6
  4455 | D:5      | Reached skill level 7 in Fighting
  4876 | D:6      | Noticed a steam dragon
  4887 | D:6      | Killed a steam dragon
  4888 | D:6      | Reached XP level 8. HP: 51/73 MP: 7/7
  5209 | D:6      | Identified the ring of Wuuseriu {Fly rPois}
  5623 | D:6      | Reached skill level 8 in Fighting
  5698 | D:6      | Found a snail-covered altar of Cheibriados.
  5778 | D:6      | Got the Vellum of Arcane Combat
  6194 | D:7      | Found a radiant altar of Vehumet.
  6361 | D:7      | Found a shimmering altar of Xom.
  6465 | D:7      | Reached XP level 9. HP: 43/82 MP: 8/8
  6599 | D:7      | Reached skill level 9 in Fighting
  6808 | D:7      | Found a shadowy altar of Dithmenos.
  6822 | D:7      | Identified the +4 whip "Fiurelaz" {flame, rElec rN++}
  6995 | D:7      | Found a runed translucent door.
  6996 | D:7      | Noticed Crazy Yiuf
  7092 | D:7      | Killed Crazy Yiuf
  7411 | D:8      | Noticed a two-headed ogre
  7421 | D:8      | Killed a two-headed ogre
  7517 | D:8      | Reached skill level 10 in Fighting
  7561 | D:8      | Found a broken altar of Ashenzari.
  7777 | D:8      | Found a runed translucent door.
  7777 | D:8      | Noticed diceflayer's ghost (novice MiFi)
  8223 | D:8      | Identified the +1 leather armour of Inquiry {rElec rPois
                  | Dex-4 SInv}
  8578 | D:9      | Reached XP level 10. HP: 94/94 MP: 9/9
  8658 | D:9      | Noticed a cyclops
  8671 | D:9      | Killed a cyclops
  8672 | D:9      | Reached skill level 10 in Short Blades
  8675 | D:9      | Found an iron altar of Okawaru.
  8675 | D:9      | Noticed a sixfirhy
  8688 | D:9      | Reached skill level 10 in Dodging
  8695 | D:9      | Reached skill level 11 in Fighting
  8697 | D:9      | Reached ****** piety under Uskayaw
  8931 | D:9      | Found a flagged portal.
  8957 | Bailey   | Entered a bailey
  9014 | Bailey   | Reached skill level 1 in Invocations
  9051 | Bailey   | Noticed a vault guard
  9055 | Bailey   | Reached skill level 12 in Fighting
  9076 | Bailey   | Killed a vault guard
  9077 | Bailey   | Reached XP level 11. HP: 71/104 MP: 3/11
  9185 | Bailey   | Noticed a vault guard
  9185 | Bailey   | Noticed Prince Ribbit
  9210 | Bailey   | Killed Prince Ribbit
  9217 | Bailey   | Killed a vault guard
  9218 | Bailey   | Reached skill level 1 in Stealth
  9702 | D:9      | Found a white marble altar of Elyvilon.
  9713 | D:9      | Found a burning altar of Makhleb.
  9892 | D:9      | Identified the +4 falchion of Brutal Revenge {holy, Dex+2}
  9934 | D:9      | Got the Catalogue of Glaciation
  9976 | D:9      | Identified the staff of cold "Asutry" {rC+ rCorr Dex+6
                  | SInv}
 10004 | D:10     | Entered Level 10 of the Dungeon
 10033 | D:10     | Found a staircase to the Lair.
 10342 | D:10     | Identified the staff of death "Ralyfit" {+Blink rF- rC- rN+
                  | SInv}
 11030 | D:11     | Noticed a two-headed ogre
 11039 | D:11     | Killed a two-headed ogre
 11040 | D:11     | Reached skill level 5 in Invocations
 11630 | D:11     | Found a staircase to the Orcish Mines.
 11719 | D:11     | Found a portal to a secret trove of treasure.
 12245 | D:12     | Noticed a boulder beetle
 12555 | D:12     | Killed a boulder beetle
 12556 | D:12     | Reached XP level 12. HP: 93/113 MP: 15/15
 12612 | D:12     | Reached skill level 13 in Fighting
 12626 | D:12     | Found the ring of Shadows {Umbra +Inv Stlth+}
 12627 | D:12     | Found a corrupted altar of Lugonu.
 12795 | D:12     | Noticed a two-headed ogre
 12805 | D:12     | Killed a two-headed ogre
 13062 | D:12     | Found a transporter.
 13062 | D:12     | Found a transporter.
 13074 | D:12     | Noticed an anaconda
 13395 | Lair:1   | Entered Level 1 of the Lair of Beasts
 13565 | Lair:1   | Found a glowing golden altar of the Shining One.
 13928 | Lair:1   | Identified the +6 chain mail of Witeit {Rampage rF- Str-2
                  | SInv}
 14355 | Lair:2   | Noticed a boulder beetle
 14389 | Lair:2   | Killed a boulder beetle
 14510 | Lair:2   | Noticed a boulder beetle
 14523 | Lair:2   | HP: 5/115 [cane toad (6)]
 15158 | Lair:2   | Killed a boulder beetle
 15159 | Lair:2   | Reached skill level 5 in Stealth
 15159 | Lair:2   | Reached skill level 1 in Shields
 15763 | Lair:3   | Reached XP level 13. HP: 123/123 MP: 18/18
 15949 | Lair:3   | Killed from afar by a molten gargoyle

Illustrated notes

Levels and vault maps discovered:
D:1:      dpeg_arrival_tiny_a, layout_basic, serial_shops,
          nicolae_shop_rolling_square
D:2:      layout_loops_ring, minmay_hexomino_f4, uniq_terence
D:3:      layout_basic
D:4:      layout_basic, minmay_temple_entry_purple_smoke, serial_shops,
          nicolae_shop_behind_doors, shop
D:5:      layout_loops_ring, uniq_grinder
D:6:      layout_basic, kennysheep_mini_moat, moated_statue, lightli_orcish_oven
D:7:      layout_cave_pools, led_xom_imps, vehumet_altar_wand_db,
          lemuel_round_altar, uniq_crazy_yiuf_cottage
D:8:      layout_basic, mainiacjoe_overflow_brackets, ebering_ghost_inner_flame
D:9:      minmay_weird_star, layout_basic, okawaru_trees_2,
          amethyst_overflow_temple_binary, enter_bailey_5
D:10:     layout_basic, david_lair_generic
D:11:     layout_loops_corners, orc_0_dummy, nicolae_trove_entry_free_sample,
          st_stairs_8, ebering_dispersal_statue_hall
D:12:     gammafunk_corrupted_shrine, layout_cave_pools, small_statue_alley_a
Temple:   zaba_magenta_temple
Lair:1:   layout_gridlike, basic_altar
Lair:2:   layout_big_grid
Lair:3:   nzn_winding_woodlands_large [nzn_winding_woodlands_hourglass,
          nzn_winding_woodlands_5x15_cabin, nzn_winding_woodlands_5x5_default,
          nzn_winding_woodlands_center_lodge,
          nzn_winding_woodlands_15x15_boxy_spiral,
          nzn_winding_woodlands_center_diamonds,
          nzn_winding_woodlands_5x5_default,
          nzn_winding_woodlands_5x15_river_crossing,
          nzn_winding_woodlands_5x5_closed_star], layout_gridlike,
          elwin_shoals_entry_rooms, hellmonk_spider_entry_life_and_decay

Skill      XL: |  1  2  3  4  5  6  7  8  9 10 11 12 13 |
---------------+----------------------------------------+-----
Fighting       | 4 5 6 7 8 10 12 13 | 13.9
Short Blades   | 4 5 6 8 9 11 12 | 12.8
Dodging        | 4 5 6 8 9 11 12 | 12.8
Invocations    | 2 6 8 9 |  9.0
Stealth        | 3 5 |  5.4
Shields        | 2 |  2.7

Action                     |  1- 3 |  4- 6 |  7- 9 | 10-12 | 13-15 || total
---------------------------+-------+-------+-------+-------+-------++-------
  Melee: Short sword       |    66 |    67 |   192 |   811 |    56 ||  1192
         Headbutt          |    11 |    32 |   101 |   265 |    17 ||   426
         Dagger            |       |    80 |   164 |       |       ||   244
 Invoke: Line Pass         |       |     1 |       |     6 |     1 ||     8
         Stomp             |       |       |       |     9 |     2 ||    11
  Evoke: Wand              |       |       |       |     2 |     2 ||     4
    Use: Potion            |     2 |     1 |       |     4 |     1 ||     8
         Scroll            |       |       |    13 |     7 |       ||    20
   Stab: Paralysed         |       |     2 |    17 |    44 |     2 ||    65
         Confused          |       |       |       |     4 |       ||     4
 Armour: Robe              |     4 |    14 |    12 |       |       ||    30
         Leather armour    |       |       |    25 |    76 |       ||   101
         Chain mail        |       |       |       |    79 |    17 ||    96
  Dodge: Dodged            |    43 |    89 |   137 |   383 |    17 ||   669
  Block: Buckler           |       |       |       |    37 |    16 ||    53
